General information
- name: BNet
- type: Ladder 1vs1/FFA
- host: Battle.net
- saver: Radon-r1sk
map: BrokenShard
- players: 2
- length: 33:44
- speed: Fast
- version: 1.21 W3XP
- replay type: Public
» download(98 KB)
Players
team 1 (loser)
Tas) (
teal | 64 APM | 2158 actions | 33:31)
2 Shadow Hunter
1 Serpent Ward
1 Healing Wave
5 Dark Ranger
3 Black Arrow
2 Life Drain
1 Pandaren Brewmaster
1 Drunken Haze
» actions
| Assign group hotkey | 8 | |
| Basic commands | 38 | |
| Build / train | 136 | |
| Enter build submenu | 16 | |
| Enter hero's abilities submenu | 8 | |
| Remove unit from queue | 12 | |
| Right click | 1117 | |
| Select / deselect | 715 | |
| Select group hotkey | 33 | |
| Use ability | 75 | |
2158 total
» units
| Peon | 18 | |
| Grunt | 21 | |
| Demolisher | 2 | |
| Troll Headhunter/Berserker | 19 | |
| Troll Batrider | 6 | |
| Shaman | 7 | |
| Tauren | 7 | |
| Troll Witch Doctor | 2 | |
82 total
» upgrades
| Pillage | 1 | |
| Berserker Strength | 1 | |
| Berserker Upgrade | 1 | |
| Shaman Training | 2 | |
| Troll Regeneration | 1 | |
| Armor | 2 | |
| Witch Doctor Training | 2 | |
| Pulverize | 1 | |
| Liquid Fire | 1 | |
12 total
» buildings
| Altar of Storms | 1 | |
| Orc Burrow | 6 | |
| Barracks | 2 | |
| Stronghold | 3 | |
| War Mill | 2 | |
| Voodoo Lounge | 1 | |
| Fortress | 1 | |
| Beastiary | 1 | |
| Spirit Lodge | 1 | |
| Tauren Totem | 2 | |
20 total
» build order
00:12 Altar of Storms
00:23 Orc Burrow
00:38 Barracks
01:45 Orc Burrow
01:55 Orc Burrow
02:14 Barracks
03:29 Orc Burrow
06:36 Stronghold
06:36 Stronghold
06:36 Stronghold
08:37 War Mill
08:53 Voodoo Lounge
12:09 Fortress
14:19 Beastiary
14:26 Spirit Lodge
21:15 Tauren Totem
21:24 Tauren Totem
23:19 War Mill
23:49 Orc Burrow
23:54 Orc Burrow
» items
| Potion of Healing | 4 | |
| Healing Salve | 2 | |
| Tiny Great Hall | 4 | |
10 total
team 2 (winner)
Radon-r1sk (
green | 50 APM | 1689 actions | 33:44)
8 Blademaster
3 Wind Walk
3 Critical Strike
1 Bladestorm
1 Mirror Image
» actions
| Assign group hotkey | 26 | |
| Basic commands | 173 | |
| Build / train | 107 | |
| ESC pressed | 1 | |
| Enter build submenu | 21 | |
| Enter hero's abilities submenu | 8 | |
| Give item / drop item | 1 | |
| Remove unit from queue | 1 | |
| Right click | 604 | |
| Select / deselect | 542 | |
| Select group hotkey | 75 | |
| Use ability | 130 | |
1689 total
» units
| Peon | 18 | |
| Grunt | 15 | |
| Raider | 20 | |
| Wind Rider | 9 | |
| Spirit Walker | 9 | |
71 total
» upgrades
| Berserker Strength | 1 | |
| Ensnare | 1 | |
2 total
» buildings
| Altar of Storms | 1 | |
| Orc Burrow | 8 | |
| Barracks | 2 | |
| Voodoo Lounge | 3 | |
| Stronghold | 1 | |
| Beastiary | 1 | |
| Great Hall | 1 | |
| Spirit Lodge | 1 | |
| Fortress | 1 | |
| War Mill | 1 | |
| Tauren Totem | 2 | |
22 total
» build order
00:06 Altar of Storms
00:20 Orc Burrow
00:39 Barracks
01:54 Orc Burrow
02:16 Voodoo Lounge
03:07 Stronghold
05:11 Orc Burrow
07:05 Beastiary
07:11 Barracks
08:28 Orc Burrow
08:36 Voodoo Lounge
16:01 Voodoo Lounge
18:40 Great Hall
18:59 Orc Burrow
20:35 Spirit Lodge
24:03 Orc Burrow
27:15 Orc Burrow
27:19 Orc Burrow
29:01 Fortress
31:44 War Mill
33:00 Tauren Totem
33:02 Tauren Totem
» items
| Healing Salve | 10 | |
| Lesser Clarity Potion | 6 | |
| Potion of Healing | 5 | |
| Scroll of Town Portal | 1 | |
22 total
Chat log
(11:25 / All) Radon-r1sk: fucking bullshit
(33:28 / All) Tas): i hate fighting blade masters...